 Dungeon Crawl Stone Soup version 0.30-a0-728-gc68057be0a (webtiles) character file.

Game seed: 9818590797702006220

851 lilitu the Trooper (level 7, -7/54 (62) HPs)
             Began as a Minotaur Fighter on Jan 31, 2023.
             Mangled by a wight
             ... wielding a +4 halberd
              (12 damage)
             ... on level 5 of the Dungeon.
             The game lasted 00:04:44 (3154 turns).

lilitu the Trooper (Minotaur Fighter)               Turns: 3154, Time: 00:04:45

HP:   -7/54 (62)    AC: 11    Str: 23    XL:     7   Next: 69%
MP:   6/6           EV:  7    Int:  5    God:
Gold: 225           SH:  5    Dex:  9    Spells: 6/6 levels left

rFire   + . .      SeeInvis +    a - +0 flail
rCold   . . .      Faith    .    c - +0 buckler
rNeg    . . .      Spirit   .    t - +0 chain mail
rPois   .          Reflect  .    (helmet restricted)
rElec   .          Harm     .    (no cloak)
rCorr   .          Rampage  .    o - +0 pair of gloves
Will    .....                    (no boots) Stlth
                                 (no amulet)
HPRegen 0.29/turn                j - ring of see invisible
MPRegen 0.10/turn                v - ring of protection from fire

@: heavily drained
A: horns 2, retaliatory headbutt
a: no special abilities


You were on level 5 of the Dungeon.
You visited 1 branch of the dungeon, and saw 5 of its levels.

You collected 225 gold pieces.

Inventory:

Hand Weapons
 a - a +0 flail (weapon)
Missiles
 e - 34 stones (quivered)
 g - 5 curare-tipped darts
Armour
 c - a +0 buckler (worn)
 o - a +0 pair of gloves (worn)
 t - a +0 chain mail (worn)
Jewellery
 j - a ring of see invisible (left hand)
 v - a ring of protection from fire (right hand)
 x - an amulet of faith
Scrolls
 f - 2 scrolls of amnesia {unknown}
 i - a scroll of vulnerability {unknown}
 q - 3 scrolls of teleportation {unknown}
 r - 2 scrolls of enchant armour {unknown}
 s - a scroll of enchant weapon {unknown}
 u - a scroll of silence {unknown}
 w - a scroll of noise {unknown}
 y - 3 scrolls of poison {unknown}
Potions
 b - a potion of berserk rage {unknown}
 d - a potion of might
 h - 3 potions of heal wounds {unknown}
 k - a potion of degeneration {unknown}
 l - 3 potions of haste {unknown}
 m - 3 potions of curing {unknown}
 n - 4 potions of mutation {unknown}
 p - 3 potions of brilliance {unknown}


   Skills:
 + Level 5.9 Fighting
 + Level 5.2 Maces & Flails
 + Level 3.6 Throwing
 + Level 5.9 Armour
 + Level 5.9 Shields


You had 6 spell levels left.
You didn't know any spells.
Your spell library contained the following spells:

 Spells                   Type           Power      Damage    Failure   Level
 Scorch                   Fire           0%         2d5       100%        2
 Call Canine Familiar     Summ           0%         N/A       100%        3
 Ignite Poison            Fire/Tmut/Pois 0%         N/A       100%        3
 Portal Projectile        Hex/Tloc       0%         N/A       100%        3
 Flame Wave               Conj/Fire      0%         2d4       100%        4
 Leda's Liquefaction      Hex/Erth       0%         N/A       100%        4
 Sticky Flame             Conj/Fire      0%         2d3       100%        4
 Summon Cactus Giant      Summ           0%         N/A       100%        6
 Ignition                 Fire           0%         3d3       100%        8


Dungeon Overview and Level Annotations

Branches:
Dungeon (5/15)
 Temple: D:4-7

Altars:


Innate Abilities, Weirdness & Mutations

You have a pair of horns on your head.
You reflexively headbutt those who attack you in melee.


Message History

The wight is heavily damaged.
The wight hits you with a +4 halberd. The wight barely misses you.
The wight hits you with a +4 halberd!
You feel drained. The wight hits you but does no damage.
The wight barely misses you.
You thump the wight!
You headbutt the wight, but do no damage.
The wight is almost destroyed.
The wight hits you but does no damage. The wight closely misses you.
You hit the wight.
You destroy the wight!
The wight hits you from afar with a +4 halberd.
You feel drained. The wight hits you but does no damage.
You sock the wight! You headbutt the wight.
The wight is severely damaged.
You block the wight's attack. The wight hits you but does no damage.
The wight barely misses you.
You closely miss the wight. Your headbutt misses the wight.
The wight is severely damaged.
The wight hits you but does no damage.
The wight hits you from afar with a +4 halberd.
You feel drained. The wight hits you with a +4 mace!
You feel drained.
* * * LOW HITPOINT WARNING * * *
You completely miss the wight.
You headbutt the wight, but do no damage.
The wight is severely damaged.
The wight hits you but does no damage. You block the wight's attack.
The wight hits you with a +4 mace!
* * * LOW HITPOINT WARNING * * *
The wight hits you but does no damage. The wight hits you with a +4 mace.
* * * LOW HITPOINT WARNING * * *
You feel drained.
* * * LOW HITPOINT WARNING * * *
You block the wight's attack.
You closely miss the wight. You headbutt the wight.
The wight is almost destroyed.
The wight barely misses you. x2; You furiously retaliate!
You headbutt the wight.
The wight hits you from afar with a +4 halberd!
You die...

#. #......# # .##
#......## ...>
+........ # #... #
#......#. #.#.#.####.#
#......#. #..........#
#########.
#..zz...####.†.......
#z##......########
#@###..##.# #.#
#..##.#
#####'###.....###
#...............######
#............##.......
#............# #######
#............#
#............#
#............# #


You could see 3 wights.

Vanquished Creatures
  Sigmund (D:3)
  A water moccasin (D:5)
  A black bear (D:5)
  An ogre (D:3)
  A scorpion (D:5)
  A wight (D:5)
  A howler monkey (D:4)
  2 hounds
  4 iguanas
  2 adders
  A dart slug (D:3)
  An orc (D:5)
  4 ball pythons
  12 bats
  4 endoplasms
  5 giant cockroaches
  9 goblins
  6 hobgoblins
  8 kobolds
  13 frilled lizards
  A rat (D:1)
79 creatures vanquished.

Vanquished Creatures (others)
  8 plants (D:3)
8 creatures vanquished.

Grand Total: 87 creatures vanquished

Notes
Turn   | Place    | Note
-------+----------+-------------------------------------------
     0 | D:1      | lilitu the Minotaur Fighter began the quest for the Orb.
     0 | D:1      | Reached XP level 1. HP: 19/19 MP: 0/0
   191 | D:1      | Reached XP level 2. HP: 27/27 MP: 1/1
   932 | D:2      | Reached skill level 1 in Throwing
   932 | D:2      | Reached XP level 3. HP: 31/33 MP: 2/2
  1320 | D:3      | Noticed Sigmund
  1328 | D:3      | Killed Sigmund
  1329 | D:3      | Reached XP level 4. HP: 14/41 MP: 3/3
  1329 | D:3      | Reached XP level 5. HP: 16/47 MP: 4/4
  1496 | D:3      | Noticed an ogre
  1507 | D:3      | Killed an ogre
  1508 | D:3      | Reached skill level 5 in Armour
  1508 | D:3      | Reached XP level 6. HP: 55/55 MP: 5/5
  1587 | D:3      | Reached skill level 5 in Fighting
  1587 | D:3      | Reached skill level 5 in Shields
  1791 | D:3      | Found a faded altar of an unknown god.
  2144 | D:4      | Identified the +4 whip of Pyxaept {spect, Dex+5 Stlth+}
  2730 | D:5      | Entered Level 5 of the Dungeon
  2746 | D:5      | Reached XP level 7. HP: 61/61 MP: 6/6
  2900 | D:5      | Reached skill level 5 in Maces & Flails
  3154 | D:5      | Mangled by a wight

Illustrated notes

Levels and vault maps discovered:
D:1:      wheals_arrival_shading, layout_basic
D:2:      layout_rooms
D:3:      layout_basic, nicolae_ecumenical_lake_church, serial_bayou_pond_b,
          minmay_lizard_king, uniq_sigmund
D:4:      layout_loops_ring, chequers_arboretum
D:5:      layout_basic

Skill      XL: |  1  2  3  4  5  6  7 |
---------------+----------------------+-----
Shields        | 4 5 |  5.9
Throwing       | 1 2 3 |  3.6
Armour         | 4 5 |  5.9
Fighting       | 4 5 |  5.9
Maces & Flails | 3 4 5 |  5.2

Action                     |  1- 3 |  4- 6 |  7- 9 || total
---------------------------+-------+-------+-------++-------
  Melee: Flail             |    90 |    70 |    44 ||   204
         Headbutt          |     9 |     9 |     8 ||    26
  Throw: Stone             |       |    14 |       ||    14
    Use: Potion            |     1 |       |       ||     1
 Armour: Scale mail        |    52 |       |       ||    52
         Chain mail        |    14 |    49 |    27 ||    90
  Dodge: Dodged            |    53 |    33 |    18 ||   104
  Block: Buckler           |    29 |    32 |    11 ||    72

Table legend: (Time is in decaauts)
 A = Elapsed time spent in this place.
 B = Non-inter-level travel time spent in this place.
 C = Inter-level travel time spent in this place.
 D = Time resting spent in this place.
 E = Time spent auto-exploring this place.
 F = Levels seen in this place.
 G = Mean time per level.
                   A        B        C        D        E       F      G
               +--------+--------+--------+--------+--------+-----+--------+
         Total |   3207 |   3102 |    105 |     51 |   2437 |   5 |  641.4 |
       Dungeon |   3207 |   3102 |    105 |     51 |   2437 |   5 |  641.4 |
               +--------+--------+--------+--------+--------+-----+--------+

Top non-repeatable levels by time:
     D:1: 833 daAuts
     D:3: 764 daAuts
     D:4: 664 daAuts
     D:2: 511 daAuts
     D:5: 432 daAuts
